PR
LONG ISLAND DUCKS @ TWINSBURG TIGERS
06/04/2042
 
TOP OF THE 1ST
Long Island Ducks batting - Pitching for Twinsburg Tigers : RHP Kevin Pearce
Pitching: RHP Kevin Pearce
Batting: RHB George Samuels 0-0: SINGLE (Groundball, 6M, EV 83.1 MPH) (infield hit)
Batting: RHB Shu-yaan Seema 0-0: Ball
1-0: Foul Ball, location: 2F
1-1: Foul Ball, location: 2F
1-2: DOUBLE (Line Drive, 78D, EV 105.0 MPH)
George Samuels to third
Batting: RHB Abdul Razzad Zaimukhes 0-0: Ball
1-0: Ball
2-0: Ball
3-0: Base on Balls
Batting: LHB Michizane Yamashita 0-0: Ball
Wild Pitch!
George Samuels scores
Shu-yaan Seema to third
Abdul Razzad Zaimukhes to second
1-0: Ball
2-0: Ball
3-0: Called Strike
3-1: Foul Ball, location: 2F
3-2: Base on Balls
Batting: RHB Alfredo Torres 0-0: Called Strike
0-1: Ball
1-1: Ball
2-1: Ball
3-1: Foul Ball, location: 2F
3-2: SINGLE (Flyball, 89S, EV 78.1 MPH)
Shu-yaan Seema scores
Abdul Razzad Zaimukhes to third
Michizane Yamashita to second
Batting: RHB Al Ruíz 0-0: Ball
1-0: Ball
2-0: Ball
3-0: Called Strike
3-1: Base on Balls
Abdul Razzad Zaimukhes scores
Michizane Yamashita to third
Alfredo Torres to second
Batting: LHB Danny Stone 0-0: Swinging Strike
0-1: Ball
1-1: Fly out, F7 (Flyball, 7LS, EV 92.5 MPH)
Runner from 3rd tags up, SCORES, no throw by LF
Batting: RHB Rob Fuller 0-0: Called Strike
0-1: Swinging Strike
0-2: Strikes out swinging
Batting: RHB Tom Kelley 0-0: Called Strike
0-1: Swinging Strike
0-2: Foul Ball, location: 2F
0-2: Strikes out swinging
Top of the 1st over - 4 runs, 3 hits, 0 errors, 2 left on base; Long Island 4 - Twinsburg 0
BOTTOM OF THE 1ST
Twinsburg Tigers batting - Pitching for Long Island Ducks : RHP Katsumoto Ine
Pitching: RHP Katsumoto Ine
Batting: RHB António Martínez 0-0: Called Strike
0-1: Foul Ball, location: 2F
0-2: Strikes out looking
Batting: LHB Rommel Fflunker 0-0: Ball
1-0: Fly out, F7 (Flyball, 7LSF, EV 100.0 MPH)
Batting: LHB Ray Winters 0-0: Ball
1-0: SINGLE (Line Drive, 7S, EV 88.8 MPH)
Batting: LHB Ole Geenen 0-0: Ball
1-0: Ball
2-0: Foul Ball, location: 2F
2-1: Fly out, F8 (Flyball, 8LD, EV 85.6 MPH)
Bottom of the 1st over - 0 runs, 1 hit, 0 errors, 1 left on base; Long Island 4 - Twinsburg 0
TOP OF THE 2ND
Long Island Ducks batting - Pitching for Twinsburg Tigers : RHP Kevin Pearce
Batting: RHB George Samuels 0-0: Called Strike
0-1: Ball
1-1: Foul Ball, location: 2F
1-2: Ball
2-2: Strikes out swinging
Batting: RHB Shu-yaan Seema 0-0: Swinging Strike
0-1: Foul Ball, location: 2F
0-2: Strikes out swinging
Batting: RHB Abdul Razzad Zaimukhes 0-0: Called Strike
0-1: Called Strike
0-2: Strikes out swinging
Top of the 2nd over - 0 runs, 0 hits, 0 errors, 0 left on base; Long Island 4 - Twinsburg 0
BOTTOM OF THE 2ND
Twinsburg Tigers batting - Pitching for Long Island Ducks : RHP Katsumoto Ine
Batting: RHB Aaron Carter 0-0: Ball
1-0: Ball
2-0: Called Strike
2-1: Called Strike
2-2: Fly out, F8 (Flyball, 8RXD, EV 96.2 MPH)
Batting: RHB Claude Harper 0-0: Ball
1-0: Foul Ball, location: 2F
1-1: Ground out 4-3 (Groundball, 4, EV 80.0 MPH)
Batting: LHB Keith Garner 0-0: Swinging Strike
0-1: Foul Ball, location: 2F
0-2: Ball
1-2: Strikes out swinging
Bottom of the 2nd over - 0 runs, 0 hits, 0 errors, 0 left on base; Long Island 4 - Twinsburg 0
TOP OF THE 3RD
Long Island Ducks batting - Pitching for Twinsburg Tigers : RHP Kevin Pearce
Batting: LHB Michizane Yamashita 0-0: Ball
1-0: Ball
2-0: Foul Ball, location: 2F
2-1: Swinging Strike
2-2: Strikes out swinging
Batting: RHB Alfredo Torres 0-0: Fly out, F9 (Line Drive, 9, EV 94.4 MPH)
Batting: RHB Al Ruíz 0-0: Called Strike
0-1: Foul Ball, location: 2F
0-2: Strikes out looking
Top of the 3rd over - 0 runs, 0 hits, 0 errors, 0 left on base; Long Island 4 - Twinsburg 0
BOTTOM OF THE 3RD
Twinsburg Tigers batting - Pitching for Long Island Ducks : RHP Katsumoto Ine
Batting: RHB Ernie Lewis 0-0: Foul Ball, location: 2F
0-1: Ball
1-1: Foul Ball, location: 2F
1-2: Ball
2-2: Strikes out swinging
Batting: RHB Tim Davis 0-0: SINGLE (Groundball, 34D, EV 105.0 MPH)
Batting: RHB António Martínez 0-0: Foul Ball, location: 2F
0-1: Foul Ball, location: 2F
0-2: Ball
1-2: Strikes out swinging
Batting: LHB Rommel Fflunker 0-0: Called Strike
0-1: Fly out, F7 (Flyball, 7S, EV 83.8 MPH)
Bottom of the 3rd over - 0 runs, 1 hit, 0 errors, 1 left on base; Long Island 4 - Twinsburg 0
TOP OF THE 4TH
Long Island Ducks batting - Pitching for Twinsburg Tigers : RHP Kevin Pearce
Batting: LHB Danny Stone 0-0: Ball
1-0: Foul Ball, location: 2F
1-1: Ball
2-1: DOUBLE (Flyball, 7LD, EV 101.9 MPH)
Batting: RHB Rob Fuller 0-0: Called Strike
0-1: Ball
1-1: Fly out, F9 (Flyball, 9, EV 90.6 MPH)
Batting: RHB Tom Kelley 0-0: Ball
1-0: Ball
2-0: Swinging Strike
2-1: Foul Ball, location: 2F
2-2: Ball
3-2: Foul Ball, location: 2F
3-2: Foul Ball, location: 2F
3-2: Reached on error, E4 (Popup, 4, EV 58.1 MPH)
Danny Stone to third
Batting: RHB George Samuels 0-0: Ball
1-0: Ball
2-0: Ball
3-0: Base on Balls
Tom Kelley to second
Batting: RHB Shu-yaan Seema 0-0: Ball
1-0: Ball
2-0: Ball
3-0: Foul Ball, location: 2F
3-1: Swinging Strike
3-2: SINGLE (Flyball, 9LS, EV 96.9 MPH)
Danny Stone scores
Tom Kelley to third
George Samuels to second
Runner from 3rd tries for Home, SAFE, no throw by RF
Batting: RHB Abdul Razzad Zaimukhes 0-0: Called Strike
0-1: Swinging Strike
0-2: Fly out, F1 (Line Drive, P, EV 64.4 MPH)
Batting: LHB Michizane Yamashita 0-0: Swinging Strike
0-1: SINGLE (Flyball, 7LM, EV 113.8 MPH)
George Samuels to third
Shu-yaan Seema to second
Runner from 3rd tries for Home, SAFE, throw by LF to home
Pitching: RHP Ming-hoa Ngui
Batting: RHB Alfredo Torres 0-0: Ball
1-0: Foul Ball, location: 2F
1-1: Ball
2-1: Foul Ball, location: 2F
2-2: Ball
3-2: Strikes out swinging
Top of the 4th over - 3 runs, 3 hits, 1 error, 2 left on base; Long Island 7 - Twinsburg 0
BOTTOM OF THE 4TH
Twinsburg Tigers batting - Pitching for Long Island Ducks : RHP Katsumoto Ine
Batting: LHB Ray Winters 0-0: Called Strike
0-1: Called Strike
0-2: SINGLE (Groundball, 6MD, EV 95.0 MPH)
Batting: LHB Ole Geenen 0-0: Ball
1-0: Foul Ball, location: 2F
1-1: Swinging Strike
1-2: Grounds into double play, 5-4-3 (Groundball, 56, EV 90.0 MPH)
Batting: RHB Aaron Carter 0-0: Ball
1-0: Called Strike
1-1: SINGLE (Groundball, 4MD, EV 108.1 MPH)
Batting: RHB Claude Harper 0-0: Fly out, F8 (Line Drive, 8RD, EV 95.0 MPH)
Bottom of the 4th over - 0 runs, 2 hits, 0 errors, 1 left on base; Long Island 7 - Twinsburg 0
TOP OF THE 5TH
Long Island Ducks batting - Pitching for Twinsburg Tigers : RHP Ming-hoa Ngui
Batting: RHB Al Ruíz 0-0: Called Strike
0-1: SINGLE (Groundball, 6S, EV 68.1 MPH) (infield hit)
Batting: LHB Danny Stone 0-0: Called Strike
0-1: Ball
1-1: Ball
2-1: SINGLE (Line Drive, 4M, EV 108.1 MPH)
Al Ruíz to second
Batting: RHB Rob Fuller 0-0: Foul Ball, location: 2F
0-1: Foul Ball, location: 2F
0-2: SINGLE (Groundball, 6MD, EV 104.4 MPH)
Al Ruíz to third
Danny Stone to second
Runner from 3rd tries for Home, SAFE, throw by CF to home
Batting: RHB Tom Kelley 0-0: Foul Ball, location: 2F
0-1: Ball
1-1: Swinging Strike
1-2: Ball
2-2: Foul Ball, location: 2F
2-2: Ball
3-2: Strikes out looking
Batting: RHB George Samuels 0-0: Ball
1-0: Ball
2-0: Foul Ball, location: 2F
2-1: Foul Ball, location: 2F
2-2: DOUBLE (Line Drive, 9LD, EV 108.1 MPH)
Danny Stone scores
Rob Fuller to third
Batting: RHB Shu-yaan Seema 0-0: Foul Ball, location: 2F
0-1: Ball
1-1: Ball
2-1: Called Strike
2-2: Ball
3-2: Ground out 4-3 (Groundball, 34, EV 111.2 MPH)
Rob Fuller scores
George Samuels to third
Batting: RHB Abdul Razzad Zaimukhes 0-0: Called Strike
0-1: Fly out, F7 (Flyball, 7, EV 90.0 MPH)
Top of the 5th over - 3 runs, 4 hits, 0 errors, 1 left on base; Long Island 10 - Twinsburg 0
BOTTOM OF THE 5TH
Twinsburg Tigers batting - Pitching for Long Island Ducks : RHP Katsumoto Ine
Batting: LHB Keith Garner 0-0: DOUBLE (Flyball, 8LXD, EV 90.0 MPH)
Batting: RHB Ernie Lewis 0-0: Called Strike
0-1: Fly out, F8 (Flyball, 8RS, EV 80.6 MPH)
Batting: RHB Tim Davis 0-0: Foul Ball, location: 2F
0-1: Ball
1-1: Ball
2-1: SINGLE (Line Drive, 8LS, EV 100.6 MPH)
Keith Garner to third
Runner from 3rd tries for Home, SAFE, no throw by CF
Batting: RHB António Martínez 0-0: Grounds into double play, 6-4-3 (Groundball, 6, EV 81.2 MPH)
Bottom of the 5th over - 1 run, 2 hits, 0 errors, 0 left on base; Long Island 10 - Twinsburg 1
TOP OF THE 6TH
Long Island Ducks batting - Pitching for Twinsburg Tigers : RHP Ming-hoa Ngui
Pitching: RHP Emery William
Batting: LHB Michizane Yamashita 0-0: Called Strike
0-1: Ball
1-1: Ball
2-1: Swinging Strike
2-2: Ball
3-2: Strikes out swinging
Batting: RHB Alfredo Torres 0-0: Ball
1-0: Foul Ball, location: 2F
1-1: Foul Ball, location: 2F
1-2: Ball
2-2: Ball
3-2: Ground out 6-3 (Groundball, 56, EV 106.2 MPH)
Batting: RHB Al Ruíz 0-0: Called Strike
0-1: Foul Ball, location: 2F
0-2: Foul Ball, location: 2F
0-2: SINGLE (Line Drive, 34D, EV 100.0 MPH)
Batting: LHB Danny Stone 0-0: Ball
1-0: Ball
2-0: Ball
3-0: Base on Balls
Al Ruíz to second
Batting: RHB Rob Fuller 0-0: Foul Ball, location: 2F
0-1: Ball
1-1: Ball
2-1: SINGLE (Groundball, 34D, EV 109.4 MPH)
Al Ruíz to third
Danny Stone to second
Runner from 3rd tries for Home, SAFE, no throw by RF
Batting: RHB Tom Kelley 0-0: Swinging Strike
0-1: Ball
1-1: Ball
2-1: Foul Ball, location: 2F
2-2: Ball
3-2: Strikes out swinging
Top of the 6th over - 1 run, 2 hits, 0 errors, 2 left on base; Long Island 11 - Twinsburg 1
BOTTOM OF THE 6TH
Twinsburg Tigers batting - Pitching for Long Island Ducks : RHP Katsumoto Ine
Batting: LHB Rommel Fflunker 0-0: Called Strike
0-1: Swinging Strike
0-2: Ball
1-2: Fly out, F8 (Flyball, 8LD, EV 85.6 MPH)
Batting: LHB Ray Winters 0-0: Swinging Strike
0-1: Foul Ball, location: 2F
0-2: Foul Ball, location: 2F
0-2: Ball
1-2: Foul Ball, location: 2F
1-2: Ball
2-2: Ball
3-2: Strikes out looking
Batting: LHB Ole Geenen 0-0: Foul Ball, location: 2F
0-1: Ball
1-1: Ball
2-1: Foul Ball, location: 2F
2-2: Foul Ball, location: 2F
2-2: SINGLE (Line Drive, 34D, EV 98.1 MPH)
Batting: RHB Aaron Carter 0-0: Called Strike
0-1: Ball
1-1: Fielders Choice at 2nd, U6 (Groundball, 6M, EV 102.5 MPH)
Bottom of the 6th over - 0 runs, 1 hit, 0 errors, 1 left on base; Long Island 11 - Twinsburg 1
TOP OF THE 7TH
Long Island Ducks batting - Pitching for Twinsburg Tigers : RHP Emery William
Batting: RHB George Samuels 0-0: Ball
1-0: Foul Ball, location: 2F
1-1: Swinging Strike
1-2: Ball
2-2: Strikes out swinging
Pitching: RHP Saadat Eristov
Pinch Hitting: RHB Kelsey Booth 0-0: Ball
1-0: Ball
2-0: Called Strike
2-1: Ground out 5-3 (Groundball, 5, EV 80.6 MPH)
Batting: RHB Abdul Razzad Zaimukhes 0-0: Ball
1-0: Foul Ball, location: 2F
1-1: Swinging Strike
1-2: Foul Ball, location: 2F
1-2: Ball
2-2: Strikes out swinging
Top of the 7th over - 0 runs, 0 hits, 0 errors, 0 left on base; Long Island 11 - Twinsburg 1
BOTTOM OF THE 7TH
Twinsburg Tigers batting - Pitching for Long Island Ducks : RHP Katsumoto Ine
Now at 1B: Kao-tsu Ai
Batting: RHB Claude Harper 0-0: Ball
1-0: Ball
2-0: Called Strike
2-1: Swinging Strike
2-2: Ball
3-2: Foul Ball, location: 2F
3-2: Ground out U3 (Groundball, 34, EV 93.8 MPH)
Batting: LHB Keith Garner 0-0: Ball
1-0: Called Strike
1-1: Foul Ball, location: 2F
1-2: Foul Ball, location: 2F
1-2: Strikes out swinging
Batting: RHB Ernie Lewis 0-0: Called Strike
0-1: SINGLE (Groundball, 3S, EV 87.5 MPH) (infield hit)
Batting: RHB Tim Davis 0-0: Ground out 4-3 (Groundball, 4, EV 104.4 MPH)
Bottom of the 7th over - 0 runs, 1 hit, 0 errors, 1 left on base; Long Island 11 - Twinsburg 1
TOP OF THE 8TH
Long Island Ducks batting - Pitching for Twinsburg Tigers : RHP Saadat Eristov
Batting: LHB Michizane Yamashita 0-0: Ball
1-0: Called Strike
1-1: Swinging Strike
1-2: Ball
2-2: Ball
3-2: Strikes out swinging
Pitching: RHP Vicente Zanga
Batting: RHB Alfredo Torres 0-0: Called Strike
0-1: Foul Ball, location: 2F
0-2: SINGLE (Groundball, 34D, EV 101.9 MPH)
Batting: RHB Al Ruíz 0-0: Ball
1-0: Called Strike
1-1: Grounds into double play, 6-4-3 (Groundball, 6S, EV 85.0 MPH)
Top of the 8th over - 0 runs, 1 hit, 0 errors, 0 left on base; Long Island 11 - Twinsburg 1
BOTTOM OF THE 8TH
Twinsburg Tigers batting - Pitching for Long Island Ducks : RHP Katsumoto Ine
Pinch Hitting: RHB Félix Orosco 0-0: Ground out 4-3 (Groundball, 4, EV 90.0 MPH)
Batting: LHB Rommel Fflunker 0-0: Ball
1-0: Ball
2-0: Ball
3-0: Called Strike
3-1: Foul Ball, location: 2F
3-2: DOUBLE (Flyball, 8RXD, EV 85.6 MPH)
Batting: LHB Ray Winters 0-0: Foul Ball, location: 2F
0-1: Ball
1-1: Called Strike
1-2: Ball
2-2: Foul Ball, location: 2F
2-2: Strikes out swinging
Pinch Hitting: LHB Christian Reynolds 0-0: Ball
1-0: Fly out, F9 (Line Drive, 9, EV 88.1 MPH)
Bottom of the 8th over - 0 runs, 1 hit, 0 errors, 1 left on base; Long Island 11 - Twinsburg 1
TOP OF THE 9TH
Long Island Ducks batting - Pitching for Twinsburg Tigers : RHP Vicente Zanga
Now at C: Félix Orosco
Now in LF: Je-ju Sol
Batting: LHB Danny Stone 0-0: Ground out 6-3 (Groundball, 6, EV 88.1 MPH)
Batting: RHB Rob Fuller 0-0: Fly out, F9 (Flyball, 9S, EV 93.1 MPH)
Batting: RHB Tom Kelley 0-0: Ball
1-0: Ball
2-0: Called Strike
2-1: Swinging Strike
2-2: Strikes out looking
Top of the 9th over - 0 runs, 0 hits, 0 errors, 0 left on base; Long Island 11 - Twinsburg 1
BOTTOM OF THE 9TH
Twinsburg Tigers batting - Pitching for Long Island Ducks : RHP Katsumoto Ine
Batting: RHB Aaron Carter 0-0: Called Strike
0-1: Ground out 6-3 (Groundball, 6S, EV 83.8 MPH)
Batting: RHB Claude Harper 0-0: Foul Ball, location: 2F
0-1: Ball
1-1: Ball
2-1: Ball
3-1: Fly out, F4 (Popup, 4M, EV 57.5 MPH)
Batting: LHB Keith Garner 0-0: Called Strike
0-1: Ground out 6-3 (Groundball, 6, EV 86.9 MPH)
Bottom of the 9th over - 0 runs, 0 hits, 0 errors, 0 left on base; Long Island 11 - Twinsburg 1
Friday, March 26th, 2021 - OOTP Baseball 20.8 Build 74